 Dungeon Crawl Stone Soup version 0.20-a0-1089-g3fde505 (webtiles) character file.

32 Engwar the Firebug (level 3, 22/24 HPs)
             Began as a Demonspawn Fire Elementalist on May 4, 2017.
             Quit the game on level 1 of the Dungeon.
             The game lasted 00:06:20 (1480 turns).

Engwar the Firebug (Demonspawn Fire Elementalist)   Turns: 1480, Time: 00:06:21

Health: 22/24      AC:  3    Str:  8    XL:     3   Next: 10%
Magic:  2/6        EV: 12    Int: 17    God:
Gold:   60         SH:  0    Dex: 13    Spells: 3/7 levels left

rFire    . . .     SeeInvis .   (no weapon)
rCold    . . .     Gourm    .   (no shield)
rNeg     . . .     Faith    .   a - +0 robe
rPois    .         Spirit   .   f - +0 helmet
rElec    .         Reflect  .   (no cloak)
rCorr    .         Harm     .   (no gloves)
MR       .....                  (no boots)
Stlth    ++........             (no amulet)
Regen    0.1/turn               (no ring)
MPRegen  0.1/turn               (no ring)

@: no status effects
A: powered by pain 1, spiny 1
a: no special abilities


You were on level 1 of the Dungeon.
You were not hungry.

You visited 1 branch of the dungeon, and saw 1 of its levels.

You collected 60 gold pieces.

Inventory:

Missiles
 h - 80 stones (quivered)
Armour
 a - a +0 robe (worn)
 f - a +0 helmet (worn)
Potions
 e - a potion of degeneration {unknown}
 i - a potion of heal wounds {unknown}
Books
 b - a book of Flames

   Spells                             Type                      Level
   a - Flame Tongue                   Conjuration/Fire             1
   b - Throw Flame                    Conjuration/Fire             2
   c - Conjure Flame                  Conjuration/Fire             3
   d - Inner Flame                    Hexes/Fire                   3
   e - Sticky Flame                   Conjuration/Fire             4
   f - Fireball                       Conjuration/Fire             5
Comestibles
 c - 2 bread rations
 d - a meat ration
 g - a chunk of flesh


   Skills:
 - Level 1.7 Dodging
 - Level 1.7 Stealth
 + Level 2.5 Spellcasting
 + Level 2.0 Conjurations
 + Level 3.0 Fire Magic


You had 3 spell levels left.
You knew the following spells:

 Your Spells              Type           Power        Failure   Level  Hunger
a - Flame Tongue          Conj/Fire      ##...        6%          1    #......
b - Conjure Flame         Conj/Fire      ##......     19%         3    ###....


Dungeon Overview and Level Annotations

Branches:
Dungeon (1/15)

Altars:


Innate Abilities, Weirdness & Mutations

You sometimes gain a little power by taking damage.
You are partially covered in sharp spines.


Message History

The kobold is severely wounded.
The kobold throws a stone.
The stone barely misses you.
Casting: Flame Tongue
Confirm with . or Enter, or press ? or * to list all spells.
Aiming: Flame Tongue
Press: ? - help, Shift-Dir - straight line, f/p - kobold
Aim: a kobold, wielding a short sword of speed (severely wounded)
The flame tongue misses the kobold.
The kobold throws a stone.
The stone hits you.
Casting: Flame Tongue
Confirm with . or Enter, or press ? or * to list all spells.
Aiming: Flame Tongue
Press: ? - help, Shift-Dir - straight line, f/p - kobold
Aim: a kobold, wielding a short sword of speed (severely wounded)
The flame tongue hits the kobold.
You kill the kobold!
Casting: Flame Tongue
Confirm with . or Enter, or press ? or * to list all spells.
You can't see any susceptible monsters within range! (Use Z to cast anyway.) Are you sure you want to abandon this character and quit the game? (Confirm with "yes".)

#.#
####.......
#.#
#..........
#.#
#..........
#.#
#....######
#.#
##########
#....# #.#
#........#
#....# #.#
#....)...#
#....#
#.#.#
#........#
#....#
#.#.#
#....@...#
#....#
#.#.#
#........#
######
#.#.#
#........#
# #.#.#
#........#
#.#.#.#
#........#
##.#.#.#
#....(...##
#......#
#.........#
####.###
##........#
#..#.#
#........#


There were no monsters in sight!

Vanquished Creatures
  3 dart slugs (D:1)
  2 bats (D:1)
  2 giant cockroaches (D:1)
  A goblin (D:1)
  4 hobgoblins (D:1)
  8 kobolds (D:1)
  3 frilled lizards (D:1)
  4 rats (D:1)
27 creatures vanquished.

Notes
Turn   | Place    | Note
-------+----------+-------------------------------------------
     0 | D:1      | Engwar the Demonspawn Fire Elementalist began the quest for the Orb.
     0 | D:1      | Reached XP level 1. HP: 13/13 MP: 3/3
   459 | D:1      | Gained mutation: You sometimes gain a little power by taking damage. [demonic ancestry]
   459 | D:1      | Reached XP level 2. HP: 16/19 MP: 0/5
   709 | D:1      | Reached skill level 3 in Fire Magic
  1320 | D:1      | Gained mutation: You are partially covered in sharp spines. [demonic ancestry]
  1320 | D:1      | Reached XP level 3. HP: 24/24 MP: 1/6
  1393 | D:1      | Learned a level 3 spell: Conjure Flame
  1480 | D:1      | Quit the game

Vault maps used:
D:1:      minmay_arrival_radiant_lines, grunt_decor_fettered

Skill      XL: |  1  2  3 |
---------------+----------+-----
Fire Magic     | 3 |  3.0
Conjurations   | 2 |  2.0
Dodging        | |  1.7
Stealth        | |  1.7
Spellcasting   | |  2.5

Action                   || total
-------------------------++-------
Melee: Unarmed           ||    19
 Cast: Flame Tongue      ||    48
 Stab: Sleeping          ||     1
  Eat: Chunk             ||     2
Armor: Robe              ||    16
Dodge: Dodged            ||    27
